 Dungeon Crawl Stone Soup version 0.29-a0-925-g0a7a3d12f8 (webtiles) character file.

Game seed: 16906914487846815509

2620 Elmgren the Cleaver (level 9, -3/82 HPs)
             Began as a Minotaur Berserker on July 29, 2022.
             Was a Believer of Trog.
             Killed from afar by an electric eel (14 damage)
             ... with a bolt of electricity
             ... on level 8 of the Dungeon.
             The game lasted 00:13:15 (7808 turns).

Elmgren the Cleaver (Minotaur Berserker)            Turns: 7808, Time: 00:13:16

Health: -3/82      AC: 10    Str: 27    XL:     9   Next: 34%
Magic:  8/8        EV: 10    Int:  4    God:    Trog [**....]
Gold:   381        SH:  0    Dex:  9    Spells: 8/8 levels left

rFire   . . .      SeeInvis .   a - +0 hand axe (venom)
rCold   . . .      Faith    .   (no shield)
rNeg    . . .      Spirit   .   d - +0 chain mail
rPois   .          Reflect  .   (helmet restricted)
rElec   .          Harm     .   (no cloak)
rCorr   .          Rampage  .   (no gloves)
Will    .....                   (no boots)
Stlth   ..........              (no amulet)
HPRegen 0.23/turn               (no ring)
MPRegen 0.11/turn               (no ring)

@: on berserk cooldown, slowed, very slow
A: horns 2, retaliatory headbutt
a: Renounce Religion, Berserk, Trog's Hand


You were on level 8 of the Dungeon.
You worshipped Trog.
Trog was pleased with you.
You visited 1 branch of the dungeon, and saw 6 of its levels.

You collected 381 gold pieces.

Inventory:

Hand Weapons
 a - a +0 hand axe of venom (weapon)
 p - a +0 whip
Missiles
 q - 4 poisoned darts (quivered)
 v - 2 throwing nets
Armour
 d - a +0 chain mail (worn)
Jewellery
 j - the ring of Hedonism {rElec rF- Dex+2 SInv}
   (You found it on level 2 of the Dungeon)

   [ring of see invisible]

   Dex:       It affects your dexterity (+2).
   rF:        It makes you vulnerable to fire.
   rElec:     It insulates you from electricity.
   SInv:      It lets you see invisible.
Wands
 s - a wand of roots (12)
Scrolls
 e - a scroll of blinking
 h - 2 scrolls of identify
 r - 2 scrolls of teleportation
Potions
 b - 2 potions of mutation
 c - a potion of brilliance
 f - a potion of cancellation {unknown}
 g - a potion of invisibility {unknown}
 i - a potion of lignification {unknown}
 k - 2 potions of might {unknown}
 l - 2 potions of curing {unknown}
 m - a potion of attraction {unknown}
 n - a potion of magic {unknown}
 o - a potion of resistance {unknown}
 t - a potion of berserk rage {unknown}
 u - a potion of degeneration {unknown}


   Skills:
 + Level 8.5 Fighting
 + Level 8.5 Axes
 + Level 8.0 Armour
 + Level 7.2 Dodging


You had 8 spell levels left.
You didn't know any spells.
Your spell library was empty.

Dungeon Overview and Level Annotations

Branches:
Dungeon (8/15)             Temple (0/1) D:7
   Lair: D:8-11

Altars:
Ashenzari
Gozag


Innate Abilities, Weirdness & Mutations

You have a pair of horns on your head.
You reflexively headbutt those who attack you in melee.


Message History

Trog accepts your kill.
Your Armour skill increases to level 8!
You feel a strong urge to attack something.
The electric eel shoots out a bolt of lightning at you!
The bolt of electricity hits you.
You are no longer berserk.
You are exhausted.
You feel yourself slow down.
You barely miss the electric eel. The steam dragon breathes steam at you.
The ball of steam hits you!
You closely miss the electric eel.
You are engulfed in a cloud of scalding steam.
The electric eel shoots out a bolt of lightning at you!
The bolt of electricity hits you!
You slash the electric eel! Your headbutt misses the electric eel.
The electric eel is heavily wounded.
You hit the steam dragon.
The steam dragon is poisoned.
The steam dragon bites you.
The steam dragon claws you but does no damage.
You hit the electric eel.
The electric eel is severely wounded.
You hit the steam dragon but do no damage.
The steam dragon looks as sick as possible!
You are engulfed in a cloud of scalding steam.
The steam dragon breathes steam at you. The ball of steam hits you!
You hit the electric eel.
The electric eel is poisoned.
The electric eel is almost dead.
You hit the steam dragon but do no damage.
The steam dragon looks as sick as possible!
You are engulfed in a cloud of scalding steam.
* * * LOW HITPOINT WARNING * * *
The steam dragon bites you.
* * * LOW HITPOINT WARNING * * *
The steam dragon claws you.
* * * LOW HITPOINT WARNING * * *
The electric eel shoots out a bolt of lightning at you!
The bolt of electricity hits you!
You die...

#....###.#..)..# ...... ##
##...........#.####...
#............#....... ......
##....<.[...........# ....#..
##......[<).....#^###....#..
##.....))).....#..#.....#..
...............#........##..
...###.....§...#........#..#
.≈≈≈≈≈≈....D@§.§....)........
.≈≈ ≈≈≈≈....S.≈....?........$
≈≈≈≈≈≈≈..≈................
≈≈≈≈≈≈≈.≈≈≈...............
≈≈≈≈≈≈≈≈≈≈...÷.........#.
≈.≈≈.≈≈≈≈≈≈............#.
...h.≈≈≈≈≈≈..###.........
.............#......>...
≈K≈≈≈...............


You could see a steam dragon (extremely poisoned, catching breath), a wolf and
an electric eel (very poisoned).

Vanquished Creatures
  Joseph (D:7)
  A troll (D:8)
  4 water moccasins
  2 ice beasts
  A sky beast (D:7)
  3 centaurs
  2 ogres
  A wolf (D:8)
  A kobold brigand (D:8)
  A bullfrog (D:7)
  2 scorpions (D:6)
  4 wights
  2 howler monkeys (D:7)
  A jelly (D:6)
  An orc priest (D:7)
  7 hounds
  An iguana (D:6)
  3 dart slugs (D:1)
  3 orcs (D:7)
  4 endoplasms
  A giant cockroach (D:1)
  2 goblins (D:1)
  3 hobgoblins (D:1)
  3 jackals (D:1)
  9 kobolds
  A quokka (D:1)
  3 ball pythons
  6 bats
  A frilled lizard (D:1)
  3 rats
77 creatures vanquished.

Vanquished Creatures (others)
  2 fungi (D:3)
2 creatures vanquished.

Grand Total: 79 creatures vanquished

Notes
Turn   | Place    | Note
-------+----------+-------------------------------------------
     0 | D:1      | Elmgren the Minotaur Berserker began the quest for the Orb.
     0 | D:1      | Reached XP level 1. HP: 19/19 MP: 0/0
   333 | D:1      | Reached XP level 2. HP: 27/27 MP: 1/1
   339 | D:1      | Found a faded altar of an unknown god.
   828 | D:1      | Reached XP level 3. HP: 33/33 MP: 2/2
   845 | D:1      | Reached ** piety under Trog
  1345 | D:2      | Found a broken altar of Ashenzari.
  1418 | D:2      | Identified the ring of Hedonism {rElec rF- Dex+2 SInv}
  2937 | D:3      | Noticed an ogre
  2947 | D:2      | Killed an ogre
  2948 | D:2      | Reached XP level 4. HP: 41/41 MP: 3/3
  3405 | D:3      | You fall into a shaft and drop 3 floors!
  3426 | D:6      | Noticed an ice beast
  3437 | D:6      | Killed an ice beast
  3438 | D:6      | Reached skill level 5 in Fighting
  3438 | D:6      | Reached skill level 5 in Axes
  3438 | D:6      | Reached XP level 5. HP: 48/48 MP: 4/4
  3602 | D:6      | Noticed a water moccasin
  3610 | D:6      | Killed a water moccasin
  3611 | D:6      | Reached XP level 6. HP: 49/56 MP: 5/5
  3758 | D:6      | Noticed a water moccasin
  3768 | D:6      | Killed a water moccasin
  4128 | D:6      | Reached skill level 5 in Armour
  4128 | D:6      | Reached XP level 7. HP: 42/62 MP: 6/6
  4705 | D:6      | Reached skill level 5 in Dodging
  5176 | D:7      | Found a staircase to the Ecumenical Temple.
  5224 | D:7      | Found an opulent altar of Gozag.
  5225 | D:7      | Found an opulent altar of Gozag.
  5225 | D:7      | Found an opulent altar of Gozag.
  5259 | D:7      | Reached XP level 8. HP: 65/71 MP: 7/7
  5482 | D:7      | Found an opulent altar of Gozag.
  5577 | D:7      | Noticed Joseph
  5602 | D:7      | Killed Joseph
  6926 | D:8      | Reached XP level 9. HP: 63/81 MP: 8/8
  7261 | D:8      | Noticed a troll
  7270 | D:8      | Killed a troll
  7808 | D:8      | Killed from afar by an electric eel

Illustrated notes

Levels and vault maps discovered:
D:1:      amcnicky_arrival_wind_blow, layout_loops_ring,
          hellmonk_ecumenical_altar_heavens_door, minmay_misc_feat_more_columns
D:2:      layout_basic, basic_altar
D:3:      layout_loops_cross, mainiacjoe_overflow_boulevard, uniq_jessica
D:6:      nicolae_cairo_tiling_large_dashed, layout_rooms,
          corexii_hall_statues_x
D:7:      layout_rooms, nicolae_gozag_conspicuous_consumption, temple_pool_b,
          uniq_joseph
D:8:      layout_cave_pools, erik_lair_island, enter_bailey_4

Skill      XL: |  1  2  3  4  5  6  7  8  9 |
---------------+----------------------------+-----
Axes           | 4 5 6 8 |  8.5
Fighting       | 4 5 6 8 |  8.5
Armour         | 3 4 5 6 7 8 |  8.0
Dodging        | 3 4 5 6 7 |  7.2

Action                   |  1- 3 |  4- 6 |  7- 9 || total
-------------------------+-------+-------+-------++-------
Melee: Hand axe          |    68 |    25 |   125 ||   218
       Headbutt          |    12 |     4 |    20 ||    36
       Punch             |       |     2 |     1 ||     3
Throw: Dart              |       |       |     1 ||     1
Invok: Berserk           |     1 |     1 |     4 ||     6
       Trog's Hand       |       |       |     1 ||     1
  Use: Scroll            |     6 |       |     1 ||     7
Armor: Chain mail        |    34 |    26 |   105 ||   165
       Animal skin       |     4 |       |       ||     4
Dodge: Dodged            |    33 |    24 |    84 ||   141

Table legend: (Time is in decaauts)
 A = Elapsed time spent in this place.
 B = Non-inter-level travel time spent in this place.
 C = Inter-level travel time spent in this place.
 D = Time resting spent in this place.
 E = Time spent auto-exploring this place.
 F = Levels seen in this place.
 G = Mean time per level.
                   A        B        C        D        E       F      G
               +--------+--------+--------+--------+--------+-----+--------+
         Total |   7855 |   7744 |    111 |   4171 |   2893 |   6 | 1309.2 |
       Dungeon |   7855 |   7744 |    111 |   4171 |   2893 |   6 | 1309.2 |
               +--------+--------+--------+--------+--------+-----+--------+

Top non-repeatable levels by time:
     D:7: 2230 daAuts
     D:2: 1942 daAuts
     D:6: 1770 daAuts
     D:1: 1261 daAuts
     D:8: 433 daAuts
     D:3: 216 daAuts
